 Dungeon Crawl Stone Soup version 0.26-a0-665-gefeb406119 (webtiles) character file.

Game seed: 7065678345714189972

121 Ijustatesigmund the Sneak (level 4, 0/23 HPs)
             Began as a Spriggan Wanderer on Oct 15, 2020.
             Succumbed to Ijyb's poison
             ... on level 3 of the Dungeon.
             The game lasted 00:08:18 (3967 turns).

Ijustatesigmund the Sneak (Spriggan Wanderer)       Turns: 3967, Time: 00:08:19

Health: 0/23       AC:  5    Str:  6    XL:     4   Next: 77%
Magic:  5/5        EV: 19    Int: 14    God:
Gold:   123        SH:  0    Dex: 17    Spells: 3/3 levels left

rFire    . . .     SeeInvis +   a - +2 dagger
rCold    . . .     Faith    .   (shield restricted)
rNeg     . . .     Spirit   .   e - +0 robe
rPois    .         Reflect  .   (helmet restricted)
rElec    .         Harm     .   o - +2 cloak
rCorr    .         Rampage  .   (gloves unavailable)
MR       .....                  (boots unavailable)
Stlth    +++.......             (no amulet)
HPRegen  0.07/turn              (no ring)
MPRegen  0.09/turn              (no ring)

@: lethally poisoned (0 -> -32), very quick
A: very small, unfitting armour, see invisible, speed 3
a: no special abilities


You were on level 3 of the Dungeon.
You visited 1 branch of the dungeon, and saw 3 of its levels.

You collected 123 gold pieces.

Inventory:

Hand Weapons
 a - a +2 dagger (weapon)
 m - a +3 dagger
Missiles
 i - 13 poisoned darts (quivered)
Armour
 e - a +0 robe (worn)
 o - a +2 cloak (worn)
Jewellery
 n - a +4 ring of evasion
Scrolls
 c - 3 scrolls of identify
 f - a scroll of blinking
 g - 2 scrolls of magic mapping {unknown}
 j - a scroll of enchant armour {unknown}
 k - 2 scrolls of teleportation
 l - a scroll of fog {unknown}
Potions
 d - 2 potions of magic


   Skills:
 + Level 2.5 Fighting
 + Level 2.2(2.4) Short Blades
   Level 1.0(1.4) Long Blades
   Level 2.4 Axes
 - Level 2.0 Throwing
 + Level 3.5 Dodging
 + Level 3.9 Stealth


You had 3 spell levels left.
You didn't know any spells.
Your spell library was empty.

Dungeon Overview and Level Annotations

Branches:
Dungeon (3/15)

Altars:
Dithmenos
Elyvilon
Gozag
Sif Muna
Uskayaw
Vehumet
The Shining One

Annotations:
D:3 Ijyb


Innate Abilities, Weirdness & Mutations

You are very small and have problems with some larger weapons.
You are too small for most types of armour.
You have supernaturally acute eyesight. (SInv)
You cover ground extremely quickly.


Message History

You hit Ijyb but do no damage.
Ijyb is heavily wounded.
You feel sick.
Ijyb hits you with a +5 dagger of venom.
You are more poisoned.
You hit Ijyb but do no damage.
Ijyb is heavily wounded.
You feel sick. Ijyb completely misses you.
You hit Ijyb.
Ijyb is severely wounded.
* * * LOW HITPOINT WARNING * * *
You feel sick. Ijyb completely misses you.
You hit Ijyb but do no damage.
Ijyb is severely wounded.
* * * LOW HITPOINT WARNING * * *
You feel sick.
Ijyb hits you with a +5 dagger of venom.
* * * LOW HITPOINT WARNING * * *
You are more poisoned.
You die...

#####(## .......#
.....(.# .......#
....#g## #####.# #
#.# #
#.################ #
#.(.......g.@....# #
################.# #
#.# # #.# #.#
#################.#
#..............##.#
###..........)...##(#
...................#


You could see Ijyb.

Vanquished Creatures
  2 gnolls (D:2)
  An adder (D:2)
  An ooze (D:2)
  3 worms (D:2)
  2 dart slugs
  2 leopard geckos
  4 orcs (D:3)
  4 bats
  2 giant cockroaches
  10 hobgoblins
  3 jackals (D:1)
  6 kobolds
  A quokka (D:2)
  4 ball pythons
  5 frilled lizards
  9 goblins
  9 rats
68 creatures vanquished.

Vanquished Creatures (others)
  5 plants (D:1)
5 creatures vanquished.

Grand Total: 73 creatures vanquished

Notes
Turn   | Place    | Note
-------+----------+-------------------------------------------
     0 | D:1      | Ijustatesigmund the Spriggan Wanderer began the quest for
                  | the Orb.
     0 | D:1      | Ijustatesigmund set off with the following items: a +2
                  | dagger, 3 curare-tipped darts, a +0 hand axe, a +0
                  | falchion, a +0 robe
     0 | D:1      | Reached XP level 1. HP: 10/10 MP: 2/2
   243 | D:1      | Reached XP level 2. HP: 15/15 MP: 3/3
   329 | D:1      | Reached skill level 1 in Short Blades
  1043 | D:1      | Reached XP level 3. HP: 18/18 MP: 4/4
  2435 | D:2      | Reached XP level 4. HP: 23/23 MP: 5/5
  3505 | D:2      | Found a hide-covered altar of Uskayaw.
  3506 | D:2      | Found an opulent altar of Gozag.
  3508 | D:2      | Found a shadowy altar of Dithmenos.
  3532 | D:2      | Found a shimmering blue altar of Sif Muna.
  3532 | D:2      | Found a white marble altar of Elyvilon.
  3532 | D:2      | Found a radiant altar of Vehumet.
  3533 | D:2      | Found a glowing golden altar of the Shining One.
  3885 | D:3      | Noticed Ijyb
  3966 | D:3      | HP: 1/23 [Ijyb/+5 dagger of venom (2)]
  3967 | D:3      | Succumbed to Ijyb's poison

Illustrated notes

Levels and vault maps discovered:
D:1:      dpeg_arrival_three_same_balls, layout_basic, chequers_big_river
D:2:      layout_basic, minitemple
D:3:      layout_basic, st_stairs_6, uniq_robin, uniq_ijyb

Skill      XL: |  1  2  3  4 |
---------------+-------------+-----
Stealth        | 2 3 |  3.9
Dodging        | 2 3 |  3.5
Short Blades   | 1 2 |  2.2
Fighting       | 2 |  2.5
Long Blades    | |  1.0
Axes           | |  2.4
Throwing       | |  2.0

Action                   |  1- 3 |  4- 6 || total
-------------------------+-------+-------++-------
Melee: Dagger            |   177 |   109 ||   286
Throw: Dart              |     2 |    11 ||    13
  Use: Scroll            |     5 |       ||     5
       Potion            |       |     2 ||     2
 Stab: Sleeping          |    11 |     4 ||    15
       Distracted        |     1 |       ||     1
Armor: Robe              |    14 |    12 ||    26
Dodge: Dodged            |   149 |   106 ||   255

Table legend: (Time is in decaauts)
 A = Elapsed time spent in this place.
 B = Non-inter-level travel time spent in this place.
 C = Inter-level travel time spent in this place.
 D = Time resting spent in this place.
 E = Time spent auto-exploring this place.
 F = Levels seen in this place.
 G = Mean time per level.
                   A        B        C        D        E       F      G
               +--------+--------+--------+--------+--------+-----+--------+
         Total |   3120 |   3052 |     68 |   1136 |   1294 |   3 | 1040.0 |
       Dungeon |   3120 |   3052 |     68 |   1136 |   1294 |   3 | 1040.0 |
               +--------+--------+--------+--------+--------+-----+--------+

Top non-repeatable levels by time:
     D:1: 1437 daAuts
     D:2: 1400 daAuts
     D:3: 282 daAuts
